Map: Acropolis LE

Players

HolyHit

  • Race: Protoss Protoss
  • Spawn Location: 5:00

MCanning - Winner!

  • Race: Protoss Protoss
  • Spawn Location: 11:00

VOD

Have the link to the VOD?

Description

Time

  • Played on: Sept. 6, 2019, 5:18 p.m.
  • Length: 29:19
Show
View Real Time Build Order
Export as new Build Order

HolyHit Protoss 

Build Orders: Oracle Opening, Archon Immortal 

Get SALT Encoding   

  12  0:00  Probe  
  13  0:13  Probe  
  14  0:17  Pylon  
  14  0:24  Probe  
  15  0:32  Probe  
  15  0:37  Gateway  
  15  0:40  Probe  
  16  0:46  Assimilator  
  17  0:51  Probe  
  17  0:54  Assimilator  
  18  1:00  Probe  
  19  1:08  Gateway, Probe  
  19  1:17  Probe  
  20  1:23  Cybernetics Core  
  21  1:29  Probe  
  22  1:33  Pylon  
  22  1:42  Probe  
  23  1:54  Probe  
  24  2:00  Warp Gate, Stalker x2  
  28  2:12  Pylon  
  28  2:15  Pylon  
  28  2:37  Nexus  
  28  2:42  Stargate  
  28  2:52  Adept  
  28  2:55  Probe  
  28  2:56  Adept  
  32  3:05  Probe  
  34  3:14  Probe  
  34  3:15  Pylon  
  34  3:16  Oracle  
  35  3:26  Probe  
  39  3:39  Probe  
  40  3:43  Oracle  
  40  3:45  Robotics Facility  
  40  3:51  Probe  
  44  4:00  Probe  
  41  4:10  Probe  
  41  4:13  Probe  
  41  4:14  Shield Battery  
  43  4:23  Forge, Probe  
  44  4:25  Sentry  
  44  4:26  Immortal, Pylon  
  44  4:27  Probe  
  47  4:38  Probe  
  52  4:40  Probe  
  53  4:47  Assimilator  
  53  4:50  Probe, Protoss Ground Weapons Level 1  
  54  4:53  Adept x2  
  54  4:55  Probe  
  59  5:00  Assimilator  
  59  5:03  Immortal  
  63  5:19  Probe  
  62  5:23  Probe  
  62  5:27  Phoenix  
  63  5:31  Probe  
  63  5:34  Adept x2  
  69  5:40  Pylon  
  69  5:44  Probe  
  69  5:50  Warp Prism  
  69  5:57  Pylon  
  67  6:11  Gateway, Twilight Council  
  67  6:12  Gateway  
  67  6:16  Probe  
  70  6:22  Probe  
  69  6:29  Observer  
  69  6:30  Protoss Ground Weapons Level 2  
  70  6:33  Gateway  
  70  6:37  Gateway  
  70  6:46  Probe x2  
  72  6:50  Immortal  
  76  6:55  Charge  
  76  6:59  Templar Archives  
  76  7:07  Nexus  
  75  7:15  Pylon  
  75  7:16  Probe  
  75  7:21  Pylon  
  76  7:25  Immortal  
  76  7:26  Probe  
  76  7:28  Probe  
  78  7:33  Gateway  
  82  7:46  High Templar x4  
  82  7:50  Adept x2  
  94  8:03  Archon  
  94  8:04  Archon  
  94  8:07  Gateway  
  94  8:10  Gateway  
  94  8:13  Probe, Zealot x2  
  94  8:14  Probe  
  94  8:16  Shield Battery  
  100  8:21  Probe x2  
  100  8:22  Probe  
  100  8:25  High Templar x2  
  107  8:28  Pylon  
  107  8:29  Archon  
  107  8:31  Pylon, Probe x2  
  107  8:39  Zealot x2  
  113  8:44  Zealot x2  
  117  8:49  Pylon  
  117  8:59  Zealot x5  
  125  9:11  Protoss Ground Weapons Level 3  
  125  9:13  Immortal  
  127  9:19  Zealot x5  
  127  9:22  Zealot  
  133  9:37  Robotics Bay  
  133  9:40  Probe x3  
  133  9:41  Robotics Facility  
  133  9:43  Immortal  
  136  9:47  Assimilator  
  140  10:07  Pylon  
  140  10:09  Pylon  
  140  10:12  Pylon  
  136  10:14  Pylon  
  136  10:18  Disruptor  
  136  10:25  Probe x2  
  136  10:27  Pylon  
  138  10:29  Pylon, Disruptor  
  138  10:31  Assimilator  
  138  10:33  Phoenix  
  138  10:35  High Templar x2  
  150  10:39  Probe  
  150  10:40  Shield Battery  
  150  10:42  Shield Battery, Archon  
  151  10:47  Probe, Disruptor  
  152  10:50  Nexus  
  155  11:00  Probe x2  
  155  11:02  Disruptor, Probe  
  158  11:08  Zealot x3  
  167  11:13  Disruptor  
  167  11:18  Phoenix  
  171  11:31  Disruptor  
  171  11:32  Probe  
  172  11:34  Gravitic Drive  
  175  11:43  Phoenix  
  177  11:51  Pylon  
  177  11:54  Assimilator  
  177  11:55  High Templar  
  177  11:56  High Templar, Assimilator  
  181  12:02  Pylon  
  181  12:03  Pylon  
  181  12:05  Pylon x2  
  181  12:08  Photon Cannon, Phoenix  
  183  12:11  Dark Shrine  
  183  12:13  Photon Cannon  
  183  12:14  Photon Cannon  
  177  12:15  Photon Cannon  
  177  12:16  Archon  
  177  12:17  Shield Battery  
  177  12:19  Shield Battery  
  169  12:31  Probe  
  169  12:32  Pylon, Probe  
  169  12:33  Oracle  
  174  12:45  Warp Prism  
  174  12:50  Zealot x6  
  174  12:51  Zealot x2  
  192  12:53  Protoss Shields Level 1, Extended Thermal Lance  
  192  13:00  Photon Cannon  
  192  13:08  Observer  
  193  13:21  Warp Prism  
  193  13:24  Zealot x2  
  199  13:30  Dark Templar  
  199  13:32  Zealot  
  193  13:39  Probe  
  193  13:45  Zealot x4  
  193  13:46  Zealot  
  195  13:55  Zealot  
  178  13:57  Colossus  
  159  14:04  Disruptor  
  159  14:07  High Templar x3  
  159  14:08  High Templar x5  
  174  14:13  Archon x2  
  174  14:14  Archon x2  
  174  14:26  Phoenix  
  174  14:27  Nexus  
  174  14:29  Pylon  
  174  14:31  Dark Templar  
  177  14:40  Warp Prism  
  179  14:49  Observer, Photon Cannon  
  180  14:53  Photon Cannon  
  180  14:55  Photon Cannon  
  180  14:57  Photon Cannon, Probe  
  180  14:58  Photon Cannon  
  181  15:11  Protoss Shields Level 2  
  179  15:16  Photon Cannon  
  175  15:23  Zealot x6  
  157  15:42  Zealot x2  
  159  15:43  Zealot x2  
  159  15:49  Zealot x2  
  154  15:56  Zealot x2  
  148  16:08  Dark Templar  
  148  16:10  Probe x2  
  150  16:24  Phoenix  
  126  16:36  Probe  
  127  16:44  High Templar  
  127  16:46  Disruptor  
  132  16:47  Colossus  
  132  16:49  Phoenix, High Templar x3  
  132  16:52  Probe  
  147  16:55  Pylon  
  147  16:56  Archon  
  147  16:57  Archon  
  147  16:58  High Templar  
  147  16:59  High Templar  
  151  17:06  Photon Cannon  
  151  17:08  Archon  
  151  17:13  Phoenix  
  151  17:14  Photon Cannon  
  152  17:18  Shield Battery  
  152  17:23  Photon Cannon, Probe x2  
  154  17:31  Observer  
  154  17:34  Phoenix  
  155  17:37  Probe  
  155  17:38  Probe  
  155  17:41  Disruptor  
  155  17:42  Colossus  
  160  17:57  Shield Battery  
  166  18:17  Disruptor  
  158  18:30  Dark Templar x4  
  166  18:35  Zealot x4  
  172  18:50  Shadow Stride  
  164  19:01  Zealot x5  
  174  19:18  Nexus  
  174  19:21  Pylon  
  174  19:22  Disruptor  
  174  19:23  Assimilator  
  177  19:27  Assimilator  
  177  19:42  Photon Cannon  
  177  19:44  Photon Cannon  
  175  19:46  Shield Battery  
  175  19:50  Zealot x7  
  183  20:06  Dark Templar x2  
  183  20:24  Dark Templar x4  
  183  20:25  Dark Templar  
  179  20:48  Probe  
  179  20:49  Probe x2  
  168  20:59  Pylon  
  168  21:00  Pylon  
  137  21:10  Observer  
  128  21:11  Protoss Shields Level 3  
  128  21:12  Zealot  
  128  21:13  Zealot x7  
  128  21:17  Probe x2  
  133  21:20  Probe  
  133  21:21  Probe  
  133  21:28  Dark Templar  
  133  21:29  Probe  
  133  21:30  Probe  
  112  21:47  Colossus  
  99  21:56  Zealot x5  
  106  22:05  Disruptor  
  106  22:08  Probe  
  106  22:09  Probe  
  106  22:24  Dark Templar  
  106  22:28  Zealot x7  
  113  22:53  Immortal  
  113  22:54  Warp Prism  
  113  22:56  Zealot x2  
  121  23:10  Dark Templar  
  122  23:14  Dark Templar x2  
  122  23:19  Probe  
  127  23:30  Disruptor  
  128  23:50  Disruptor  
  128  23:54  Nexus  
  131  23:56  Pylon  
  131  23:58  Assimilator, Dark Templar  
  132  24:06  Observer  
  132  24:08  Zealot x4  
  141  24:13  Nexus  
  141  24:16  Pylon  
  131  24:23  Dark Templar x3  
  129  24:26  Disruptor  
  129  24:27  Observer  
  133  24:43  Nexus  
  133  24:48  Disruptor  
  136  24:53  Blink  
  136  25:01  Probe x2  
  136  25:02  Probe  
  136  25:03  Probe  
  140  25:09  Assimilator  
  137  25:14  Assimilator  
  137  25:19  Dark Templar  
  135  25:28  Pylon, Dark Templar x2  
  139  25:31  Dark Templar  
  141  25:39  Zealot x4  
  141  25:41  Dark Templar  
  145  25:51  Dark Templar  
  136  26:07  Dark Templar x2  
  136  26:09  Zealot x3  
  136  26:10  Zealot x2  
  149  26:19  Probe  
  145  26:36  Zealot x2  
  145  26:37  Zealot  
  145  26:39  Probe  
  152  26:40  Probe x2  
  141  26:47  Nexus  
  115  26:56  Zealot x4  
  107  27:04  Disruptor  
  102  27:10  Zealot x4  
  87  27:20  Disruptor  
  88  27:29  Observer, High Templar x2  
  87  27:30  High Templar x2  
  87  27:34  Archon  
  87  27:35  Archon  
  87  27:37  Observer  
  89  27:40  Disruptor  
  89  27:41  Dark Templar  
  89  27:43  Disruptor  
  93  28:02  Zealot  
  94  28:10  Observer  
  91  28:16  Disruptor  
  91  28:19  Observer  
  83  28:26  Photon Cannon  
  77  28:32  Pylon  
  77  28:34  Zealot x3  
  82  28:46  Observer  
  75  29:00  Zealot x2  
  75  29:01  Zealot x3  
  75  29:02  Zealot  
Show
View Real Time Build Order
Export as new Build Order

MCanning Protoss - Winner!

Build Orders: Zealot Archon 

Get SALT Encoding   

  12  0:00  Probe  
  13  0:12  Probe  
  14  0:18  Pylon  
  14  0:24  Probe  
  15  0:33  Probe  
  15  0:37  Gateway  
  15  0:41  Probe  
  16  0:47  Assimilator  
  17  0:51  Probe  
  17  0:55  Assimilator  
  18  0:59  Probe  
  19  1:07  Probe  
  19  1:11  Gateway  
  19  1:17  Probe  
  20  1:25  Cybernetics Core  
  21  1:30  Probe  
  22  1:38  Pylon  
  22  1:42  Probe  
  23  1:55  Warp Gate  
  23  1:56  Probe  
  24  2:03  Stalker  
  24  2:04  Sentry  
  24  2:08  Pylon  
  28  2:20  Pylon  
  28  2:29  Stalker  
  28  2:33  Stalker  
  32  2:54  Nexus  
  32  2:57  Probe  
  32  3:09  Probe  
  32  3:12  Pylon  
  33  3:17  Robotics Facility  
  33  3:21  Probe  
  35  3:36  Shield Battery  
  35  3:39  Shield Battery  
  35  3:42  Stalker  
  35  3:44  Stalker  
  35  3:48  Probe  
  39  4:00  Probe  
  39  4:02  Stalker  
  42  4:08  Probe  
  40  4:12  Probe  
  40  4:16  Probe  
  42  4:22  Probe  
  42  4:23  Observer  
  44  4:25  Sentry  
  44  4:26  Probe  
  44  4:27  Sentry  
  44  4:30  Probe  
  51  4:38  Probe x2  
  51  4:43  Pylon  
  53  4:50  Probe x2, Stalker  
  57  4:59  Immortal  
  61  5:01  Probe  
  61  5:03  Probe  
  63  5:08  Forge  
  63  5:14  Probe  
  63  5:15  Probe  
  64  5:21  Protoss Ground Weapons Level 1  
  64  5:23  Probe  
  64  5:25  Probe  
  64  5:27  Assimilator  
  64  5:29  Assimilator  
  64  5:31  Probe  
  64  5:37  Pylon, Probe  
  64  5:40  Twilight Council  
  64  5:41  Probe  
  66  5:49  Probe  
  68  5:50  Sentry  
  68  5:55  Probe  
  71  6:02  Probe  
  70  6:07  Probe  
  71  6:14  Gateway, Probe  
  71  6:15  Gateway  
  71  6:16  Pylon  
  71  6:17  Gateway  
  72  6:19  Probe, Charge  
  72  6:23  Templar Archives  
  73  6:28  Gateway  
  73  6:35  Gateway  
  73  6:36  Gateway  
  73  6:45  Immortal  
  77  6:47  Pylon  
  77  6:53  Gateway  
  77  7:01  Pylon  
  77  7:03  High Templar x2, Protoss Ground Weapons Level 2  
  81  7:09  Pylon, Archon  
  81  7:13  High Templar x2  
  85  7:18  Archon  
  83  7:23  Warp Prism  
  83  7:25  Nexus  
  85  7:33  Zealot  
  85  7:35  Zealot x2  
  89  7:49  Pylon  
  89  7:50  Probe  
  90  7:54  Pylon  
  90  7:56  Probe  
  91  8:02  Probe  
  91  8:05  High Templar  
  94  8:08  Probe  
  94  8:09  Pylon  
  94  8:10  High Templar  
  94  8:11  High Templar  
  94  8:12  Zealot x3  
  103  8:14  Archon  
  103  8:17  Shield Battery  
  103  8:18  Probe  
  103  8:19  Shield Battery  
  106  8:25  Immortal  
  110  8:29  Probe  
  110  8:33  Pylon  
  111  8:36  Zealot x2  
  111  8:41  High Templar  
  115  8:46  Zealot x2  
  115  8:48  Archon  
  119  8:55  Zealot  
  119  8:56  Zealot x2  
  119  9:02  Probe  
  126  9:05  Probe  
  126  9:09  Zealot x2  
  125  9:23  High Templar x3  
  129  9:27  Archon  
  129  9:28  Zealot, High Templar  
  129  9:29  Zealot x2  
  137  9:31  Pylon, Probe  
  137  9:34  Zealot  
  137  9:37  Pylon  
  140  9:43  Archon  
  140  9:47  Assimilator  
  140  9:51  Assimilator  
  140  9:53  Pylon  
  140  9:55  High Templar x2  
  140  9:56  Zealot x3  
  150  10:01  Probe  
  150  10:11  Immortal, Zealot x3  
  151  10:15  Probe  
  155  10:21  Protoss Ground Weapons Level 3  
  155  10:28  Robotics Bay  
  155  10:33  Photon Cannon  
  155  10:38  Photon Cannon  
  155  10:39  High Templar  
  155  10:40  Probe  
  159  10:42  Probe  
  159  10:44  Pylon  
  159  10:55  Observer  
  159  10:58  Blink, Archon  
  159  11:01  Nexus  
  158  11:06  Disruptor  
  158  11:18  Robotics Facility  
  161  11:19  Pylon  
  161  11:20  Pylon  
  161  11:31  Probe  
  160  11:35  Gateway  
  160  11:38  Gateway, Pylon  
  160  11:42  Disruptor  
  163  11:57  Photon Cannon  
  163  11:58  Photon Cannon  
  163  12:00  Photon Cannon  
  163  12:02  Shield Battery x2  
  163  12:07  Pylon  
  163  12:08  Zealot  
  163  12:09  Stalker x2  
  163  12:12  Disruptor  
  163  12:14  Disruptor  
  169  12:21  Photon Cannon  
  175  12:30  Assimilator  
  175  12:31  Probe  
  175  12:32  Probe  
  177  12:40  Dark Shrine  
  177  12:41  Disruptor  
  169  12:48  High Templar x2  
  169  12:49  High Templar x2  
  180  12:51  Assimilator  
  180  12:54  Archon x2  
  180  12:57  Probe  
  180  12:58  Probe  
  180  13:04  Stalker x2  
  180  13:05  Stalker x3  
  190  13:07  Probe  
  190  13:09  Probe  
  191  13:15  Probe  
  191  13:16  Disruptor  
  190  13:21  Photon Cannon  
  190  13:23  Stalker x4  
  195  13:31  Protoss Shields Level 1  
  191  13:38  Zealot x3  
  191  13:39  Zealot  
  185  13:49  Disruptor  
  166  14:07  Stalker x3  
  166  14:08  Stalker x2  
  168  14:18  Observer  
  168  14:22  Nexus  
  168  14:30  Dark Templar  
  168  14:31  Observer, Dark Templar x2  
  174  14:32  Pylon, Dark Templar  
  177  14:44  Zealot  
  177  14:45  Zealot  
  179  14:52  Dark Templar  
  181  14:53  Zealot x4  
  181  14:59  Disruptor  
  190  15:03  Disruptor  
  193  15:15  Probe  
  193  15:16  Stalker  
  181  15:35  Observer  
  181  15:39  Disruptor  
  175  15:56  Disruptor  
  160  16:01  Stalker x2  
  160  16:02  Zealot x3, Stalker  
  160  16:03  Zealot x5  
  156  16:13  Disruptor  
  159  16:25  Disruptor  
  148  16:33  Nexus  
  148  16:36  Pylon  
  148  16:42  Dark Templar  
  148  16:44  Stalker x2  
  148  16:45  Stalker x2  
  158  16:51  Dark Templar  
  160  16:57  Photon Cannon  
  160  16:58  High Templar  
  160  17:00  Dark Templar  
  164  17:06  Archon  
  164  17:13  Dark Templar  
  164  17:14  Zealot x2  
  170  17:24  Probe  
  170  17:28  Stalker  
  173  17:36  Assimilator  
  171  17:38  Disruptor  
  174  17:46  Probe  
  175  17:54  Stalker x2  
  175  17:55  Stalker x2  
  181  17:58  Disruptor  
  181  18:01  Probe  
  181  18:04  Shield Battery  
  182  18:06  Zealot  
  185  18:13  Zealot  
  185  18:26  Archon  
  169  18:28  Probe  
  166  18:34  Stalker x5  
  166  18:35  Stalker x2  
  166  18:41  Disruptor  
  179  18:57  Disruptor  
  179  19:00  Stalker x4  
  179  19:01  Stalker  
  189  19:04  Pylon, Dark Templar  
  194  19:24  Dark Templar  
  196  19:28  Nexus  
  196  19:32  Pylon  
  196  19:35  Dark Templar  
  195  19:52  Observer  
  195  19:59  Zealot x2  
  199  20:03  Photon Cannon  
  199  20:05  Photon Cannon  
  199  20:06  Observer  
  199  20:09  Photon Cannon  
  198  20:20  Dark Templar x2  
  198  20:36  Photon Cannon  
  198  20:38  Dark Templar  
  196  20:44  Photon Cannon  
  196  20:46  Photon Cannon  
  196  20:48  Photon Cannon  
  156  21:17  Disruptor  
  142  21:24  Probe  
  121  21:32  Archon  
  121  21:35  Disruptor  
  121  21:38  Dark Templar x2  
  121  21:39  Zealot x3  
  132  21:40  Zealot  
  129  21:49  Disruptor  
  129  21:53  Zealot x5  
  133  21:57  Assimilator  
  136  22:02  Assimilator  
  136  22:07  Stalker  
  136  22:08  Stalker x3  
  142  22:21  Photon Cannon, Disruptor  
  142  22:22  Shield Battery  
  142  22:24  Archon  
  142  22:25  Pylon  
  145  22:36  Stalker x3  
  151  22:39  Zealot x2  
  151  22:40  Zealot  
  151  22:49  Zealot x2  
  145  22:57  Disruptor  
  150  23:09  Zealot x2  
  150  23:11  Disruptor  
  154  23:14  Nexus  
  154  23:16  Observer  
  151  23:26  Disruptor  
  150  23:28  Dark Templar  
  150  23:30  Probe  
  155  23:41  Observer  
  155  23:46  Stalker  
  155  23:47  Stalker  
  160  23:58  Stalker x2  
  160  24:03  Nexus  
  160  24:05  Zealot x2  
  160  24:11  Disruptor  
  160  24:12  Zealot  
  160  24:15  Disruptor  
  161  24:30  Stalker x2  
  168  24:32  Pylon  
  168  24:40  Observer, Zealot  
  168  24:41  Zealot x2  
  163  24:54  Observer  
  162  25:00  Stalker x2  
  162  25:01  Stalker x4  
  174  25:15  Disruptor  
  177  25:21  Zealot  
  177  25:22  Zealot x4  
  185  25:29  Dark Templar  
  186  25:38  Disruptor  
  189  25:48  Zealot  
  187  25:52  Stalker  
  187  25:53  Stalker x5  
  183  26:17  Nexus  
  181  26:22  Pylon, Stalker x2  
  185  26:29  Disruptor  
  188  26:36  Stalker x3  
  176  26:59  Zealot x3  
  176  27:00  Zealot x3  
  159  27:06  Disruptor  
  150  27:16  Disruptor  
  149  27:32  Dark Templar x2  
  153  27:41  Disruptor  
  153  27:42  Photon Cannon  
  156  27:44  Photon Cannon  
  156  27:45  Shield Battery  
  156  27:49  Disruptor  
  133  28:21  Stalker x3  
  133  28:22  Stalker x4  
  133  28:27  Disruptor  
  147  28:36  Dark Templar x2  
  151  29:03  Stalker x5  
Tags
 
Add a new tag
Caveats
  • Supply blocks, unpowered buildings, or Contaminate may cause inaccurate times.
  • Supply counts are checked every 10 seconds.